 Dungeon Crawl Stone Soup version 0.27.1-34-g3ba077fa99 (webtiles) character file.

Game seed: 9981901306103423554

1297 szrap the Cleaver (level 8, -1/69 HPs)
             Began as a Hill Orc Fighter on Jan 27, 2022.
             Was a Follower of Makhleb.
             Slain by a gnoll (4 damage)
             ... on level 5 of the Dungeon.
             The game lasted 00:08:33 (5556 turns).

szrap the Cleaver (Hill Orc Fighter)                Turns: 5556, Time: 00:08:34

Health: -1/69      AC: 14    Str: 21    XL:     8   Next: 56%
Magic:  9/9        EV:  5    Int:  8    God:    Makhleb [*.....]
Gold:   123        SH: 10    Dex: 16    Spells: 7/7 levels left

rFire    . . .     SeeInvis .   a - +0 war axe
rCold    . . .     Faith    .   c - +0 kite shield
rNeg     . . .     Spirit   .   u - +0 plate armour
rPois    +         Reflect  .   (no helmet)
rElec    .         Harm     .   j - +1 cloak
rCorr    .         Rampage  .   (no gloves)
Will     .....                  (no boots)
Stlth    ..........             (no amulet)
HPRegen  0.21/turn              i - ring of poison resistance
MPRegen  0.11/turn              l - +6 ring of dexterity

@: no status effects
A: no striking features
a: Renounce Religion


You were on level 5 of the Dungeon.
You worshipped Makhleb.
Makhleb was aware of your devotion.
You visited 1 branch of the dungeon, and saw 5 of its levels.
You also visited: Ossuary.

You collected 123 gold pieces.

Inventory:

Hand Weapons
 a - a +0 war axe (weapon)
Missiles
 w - 2 throwing nets (quivered)
Armour
 c - a +0 kite shield (worn)
 j - a +1 cloak (worn)
 u - a +0 plate armour (worn)
Jewellery
 i - a ring of poison resistance (left hand)
 l - a +6 ring of dexterity (right hand)
Wands
 b - a wand of polymorph (8)
 g - a wand of iceblast (5)
Scrolls
 n - a scroll of amnesia
 o - a scroll of identify
 p - 2 scrolls of fog
 q - a scroll of fear
Potions
 d - 2 potions of might
 e - 2 potions of flight
 f - a potion of attraction
 h - a potion of heal wounds
 k - a potion of invisibility {unknown}
 m - 2 potions of ambrosia {unknown}
 r - a potion of resistance {unknown}
 s - 4 potions of curing
 v - 2 potions of lignification {unknown}


   Skills:
 * Level 5.4 Fighting
 * Level 9.6 Axes
 * Level 5.1 Armour
 * Level 2.8 Dodging
 * Level 4.9 Shields
 * Level 1.8 Invocations


You had 7 spell levels left.
You didn't know any spells.
Your spell library contained the following spells:

 Spells                   Type           Power      Damage    Failure   Level
 Animate Skeleton         Necr           0%         N/A       100%        1
 Apportation              Tloc           0%         N/A       100%        1
 Corona                   Hex            0%         N/A       100%        1
 Summon Small Mammal      Summ           0%         N/A       100%        1


Dungeon Overview and Level Annotations

Branches:
Dungeon (5/15)            Ossuary (visited)
 Temple: D:4-7

Altars:
Cheibriados
Makhleb
Qazlal
Ru

Annotations:
D:4 1 runed translucent door, Crazy Yiuf


Message History

You are too injured to fight recklessly!
You hit the orc.
The orc is severely wounded.
You closely miss the gnoll. You slash the water moccasin zombie!
You slash the gnoll shaman!
You kill the gnoll shaman!
Makhleb accepts your kill. The gnoll barely misses you.
You block the gnoll's attack.
The water moccasin zombie bites you but does no damage.
The gnoll hits you but does no damage. You block the orc's attack.
The gnoll throws a stone.
The stone hits you.
You barely miss the orc.
The orc is severely wounded.
You closely miss the water moccasin zombie.
Your shield and plate armour prevent you from hitting the gnoll.
You block the water moccasin zombie's attack.
The gnoll barely misses you.
The gnoll hits you from afar with a +0 halberd.
The gnoll hits you from afar with a +0 spear!
* * * LOW HITPOINT WARNING * * *
The orc hits you but does no damage.
An orc comes into view. It is wielding a +0 club.
You block the gnoll's attack. The water moccasin zombie bites you.
* * * LOW HITPOINT WARNING * * *
You block the gnoll's attack. x2; The gnoll barely misses you.
The orc hits you but does no damage.
The orc shouts!
You slash the orc!
You kill the orc!
Makhleb accepts your kill.
You barely miss the water moccasin zombie.
You barely miss the gnoll.
You hear a shout!
The water moccasin zombie barely misses you.
The gnoll throws a stone.
The stone barely misses you. The gnoll hits you but does no damage.
The gnoll hits you from afar with a +0 halberd!
* * * LOW HITPOINT WARNING * * *
The gnoll hits you from afar with a +0 spear.
You die...

#.###...# ###...###.######
........# #..........#....
......(.# #..........#.)).
#)# ########.######)##
#)###.##..##'######.##
.#.).........).........
.'.o.........)<........
#..###)#####.)###.....
..####..##@g...##).###+####
[.......og)Z....#...#.....#
...g[....g.g....#...#.(...#
................'...'.....#
................#...#.....#
................#...#.(...#
.............##.#...#....##
#'########################


You could see 4 gnolls, an orc and a water moccasin zombie.

Vanquished Creatures
  A necrophage (D:4)
  4 elf zombies (Ossuary)
  2 scorpions (D:5)
  A centaur zombie (Ossuary)
  2 hounds
  A centaur skeleton (D:4)
  7 human zombies (Ossuary)
  2 gnoll shamans (D:5)
  2 orc priests
  3 iguanas
  3 mummies (Ossuary)
  A howler monkey skeleton (D:4)
  8 gnolls (D:5)
  6 adders
  An ufetubus (D:4)
  A worm (D:4)
  2 dart slugs
  20 orcs
  7 ball pythons
  5 endoplasms
  2 giant cockroaches
  6 goblins
  7 hobgoblins
  3 jackals (D:1)
  9 kobolds
  5 quokkas
  4 bats
  2 frilled lizards (D:1)
  8 rats
125 creatures vanquished.

Vanquished Creatures (others)
  2 fungi (D:3)
  A plant (D:3)
3 creatures vanquished.

Grand Total: 128 creatures vanquished

Notes
Turn   | Place    | Note
-------+----------+-------------------------------------------
     0 | D:1      | szrap the Hill Orc Fighter began the quest for the Orb.
     0 | D:1      | Reached XP level 1. HP: 19/19 MP: 1/1
   177 | D:1      | Reached XP level 2. HP: 27/27 MP: 2/2
   179 | D:1      | Reached skill level 3 in Axes
   533 | D:1      | Found a faded altar of an unknown god.
   630 | D:1      | Reached XP level 3. HP: 30/33 MP: 3/3
  1419 | D:2      | Found a snail-covered altar of Cheibriados.
  1512 | D:2      | Reached skill level 4 in Axes
  1519 | D:2      | Reached XP level 4. HP: 40/40 MP: 4/4
  2549 | D:3      | Found a sacrificial altar of Ru.
  2772 | D:4      | Reached skill level 1 in Dodging
  2772 | D:4      | Reached XP level 5. HP: 46/46 MP: 5/5
  2785 | D:4      | Reached skill level 5 in Axes
  2803 | D:4      | Found a sand-covered staircase.
  2812 | Ossuary  | Entered an ossuary
  2957 | Ossuary  | Reached skill level 6 in Axes
  2957 | Ossuary  | Reached XP level 6. HP: 16/53 MP: 6/6
  3279 | Ossuary  | Reached skill level 7 in Axes
  3279 | Ossuary  | Reached XP level 7. HP: 56/60 MP: 7/7
  3507 | Ossuary  | Reached skill level 8 in Axes
  3796 | D:4      | Found a burning altar of Makhleb.
  3816 | D:4      | Became a worshipper of Makhleb the Destroyer
  3902 | D:4      | Reached XP level 8. HP: 66/67 MP: 8/8
  4303 | D:4      | Found a runed translucent door.
  4304 | D:4      | Noticed Crazy Yiuf
  4414 | D:4      | Reached skill level 5 in Fighting
  4660 | D:4      | Found a stormy altar of Qazlal.
  4789 | D:5      | Entered Level 5 of the Dungeon
  4889 | D:5      | Reached skill level 9 in Axes
  4889 | D:5      | Reached skill level 1 in Invocations
  4924 | D:5      | Reached * piety under Makhleb
  5123 | D:5      | Reached skill level 5 in Armour
  5556 | D:5      | HP: 3/69 [gnoll (12)]
  5556 | D:5      | Slain by a gnoll

Illustrated notes

Levels and vault maps discovered:
D:1:      lightli_arrival_boilingwater, layout_basic,
          dreamdust_ecumenical_altar_hidden_monk_grotto, minmay_small_reverse_x
D:2:      layout_basic, basic_altar
D:3:      layout_basic, nicolae_ru_the_path_less_chosen
D:4:      layout_cave_pools, mainiacjoe_overflow_cross_hatched,
          nicolae_qazlal_general_emergency, nicolae_ossuary_entry_monument,
          uniq_crazy_yiuf_cottage
D:5:      layout_gridville, uniq_ijyb

Skill      XL: |  1  2  3  4  5  6  7  8 |
---------------+-------------------------+-----
Axes           | 3 4 6 7 8 9 |  9.6
Fighting       | 4 5 |  5.4
Dodging        | 1 2 |  2.8
Armour         | 4 5 |  5.1
Shields        | 4 |  4.9
Invocations    | 1 |  1.8

Action                   |  1- 3 |  4- 6 |  7- 9 || total
-------------------------+-------+-------+-------++-------
Melee: War axe           |   108 |   135 |   214 ||   457
  Use: Scroll            |     2 |     5 |     6 ||    13
Armor: Scale mail        |    47 |    74 |    30 ||   151
       Plate armour      |       |       |    61 ||    61
Dodge: Dodged            |    41 |    52 |    59 ||   152
Block: Kite shield       |    52 |    75 |   115 ||   242
